 Dungeon Crawl Stone Soup version 0.30.0-29-ga12c61a403 (webtiles) character file.

Game seed: 11855785455664949427

8192 Graphine the Thaumaturge (level 11, -9/64 HPs)
             Began as a Deep Elf Air Elementalist on June 23, 2023.
             Killed from afar by a rime drake (25 damage)
             ... with an icy flash freeze
             ... on level 1 of the Lair of Beasts.
             The game lasted 00:41:07 (11424 turns).

Graphine the Thaumaturge (DEAE)                    Turns: 11424, Time: 00:41:07

Health: -9/64      AC:  7    Str:  5    XL:     11   Next: 6%
Magic:  21/36      EV: 17    Int: 25    God:
Gold:   378        SH:  0    Dex: 15    Spells: 14/30 levels left

rFire   . . .        o - +2 dagger (chaos)
rCold   . . .        (no shield)
rNeg    . . .        a - +1 robe
rPois   .            p - +0 helmet
rElec   .            B - +0 cloak
rCorr   .            v - +1 Delatra's gloves {ID++}
SInv    .            (no boots)
Will    ++...        (no amulet)
Stlth   ++           q - ring of magical power
HPRegen 0.30/turn    t - ring of willpower
MPRegen 0.25/turn

%: no passive effects
@: swift, very quick
A: no striking features
a: no special abilities


You were on level 1 of the Lair of Beasts.
You visited 3 branches of the dungeon, and saw 11 of its levels.

You collected 393 gold pieces.
You spent 15 gold pieces at shops.

Inventory:

Hand Weapons
 o - a +2 dagger of chaos (weapon)
 y - a +3 dagger of freezing
Armour
 a - a +1 robe (worn)
 p - a +0 helmet (worn)
 v - the +1 Delatra's gloves (worn) {ID++}
   (You found it on level 6 of the Dungeon)

   ID++:      It heals its wearer when they drink unknown potions, and restores
   their MP when they read unknown scrolls.
 w - a +1 leather armour of cold resistance
 B - a +0 cloak (worn)
 C - the +0 pair of gloves of the Furies {Dex+7}
   (You found it on level 8 of the Dungeon)

   Dex:       It affects your dexterity (+7).
Jewellery
 j - a ring of magical power
 m - a +6 ring of dexterity
 n - a ring of resist corrosion
 q - a ring of magical power (left hand)
 t - a ring of willpower (right hand)
 u - a +6 ring of strength
 E - a ring of willpower
Wands
 s - a wand of iceblast (27)
 F - a wand of paralysis (7)
 H - a wand of digging (3)
 I - a wand of polymorph (6)
Scrolls
 h - 2 scrolls of fog
 l - a scroll of magic mapping
 x - 2 scrolls of poison
 A - a scroll of teleportation
 G - a scroll of identify
Potions
 b - 3 potions of magic
 c - 3 potions of degeneration
 d - 3 potions of might
 e - 3 potions of haste
 f - 3 potions of attraction {unknown}
 g - a potion of flight {unknown}
 i - 2 potions of lignification {unknown}
 k - 5 potions of heal wounds
 r - 3 potions of curing
 z - a potion of invisibility {unknown}
 D - a potion of resistance {unknown}


   Skills:
 + Level 6.1 Fighting
 + Level 9.4 Dodging
 - Level 2.4 Stealth
 + Level 10.3 Spellcasting
 - Level 5.0 Conjurations
 - Level 5.0 Necromancy
 + Level 8.1 Air Magic
 - Level 6.0 Poison Magic


You had 14 spell levels left.
You knew the following spells:

 Your Spells              Type           Power      Damage    Failure   Level
a - Shock                 Conj/Air       100%       1d9       1%          1
b - Static Discharge      Conj/Air       90%        2-6/arc   1%          2
c - Swiftness             Air            52%        N/A       1%          3
d - Airstrike             Air            26%        2d(4-20)  1%          4
e - Poisonous Vapours     Pois/Air       96%        N/A       1%          2
f - Olgreb's Toxic Radia  Pois           42%        N/A       4%          4

Your spell library contained the following spells:

 Spells                   Type           Power      Damage    Failure   Level
 Sting                    Tmut/Pois      100%       1d8       1%          1
 Stone Arrow              Conj/Erth      50%        3d10      5%          3
 Summon Lightning Spire   Summ/Air       33%        N/A       9%          4
 Portal Projectile        Hex/Tloc       24%        N/A       14%         3
 Tukima's Dance           Hex            12%        N/A       14%         3
 Volatile Blastmotes      Fire/Tloc      24%        2d12      14%         3
 Fulminant Prism          Conj/Hex       12%        3d9       17%         4
 Iskenderun's Mystic Bla  Conj/Tloc      25%        2d7       17%         4
 Animate Armour           Summ/Erth      24%        N/A       43%         4
 Cause Fear               Hex            6%         N/A       43%         4
 Blade Hands              Tmut           6%         N/A       80%         5
 Lee's Rapid Deconstruct  Erth           6%         3d6*      80%         5
 Dragon Form              Tmut           6%         N/A       100%        7
 Storm Form               Tmut/Air       16%        N/A       100%        7
 Lehudib's Crystal Spear  Conj/Erth      12%        10d4      100%        8
 Maxwell's Capacitive Co  Air            26%        ∞         100%        8
 Dragon's Call            Summ           6%         N/A       100%        9


Dungeon Overview and Level Annotations

Branches:
Dungeon (9/15)             Temple (1/1) D:4            Lair (1/5) D:9
    Orc: D:9-12

Altars:
Ashenzari
Cheibriados
Elyvilon
Fedhas
Gozag
Hepliaklqana
Makhleb
Nemelex Xobeh
Okawaru
Qazlal
Ru
Sif Muna
Trog
Uskayaw
Wu Jian
Xom
Yredelemnul
Zin
The Shining One

Shops:
D:4 ?   D:7 [   D:9 !


Message History

Aim: a wolf (wandering, hasn't noticed you) Poisonous vapours surround the wolf!
The wolf is poisoned.
The wolf howls!
A rime drake and a water moccasin come into view.
The rime drake hisses angrily.
You hear an angry hiss.
A rime drake comes into view.
You see here 13 gold pieces.
The wolf misses you. The wolf misses you. The wolf bites you.
The rime drake breathes ice at you. The icy flash freeze hits you!
* * * LOW HITPOINT WARNING * * *
You are encased in ice.
Casting: Poisonous Vapours (safe; 1% risk of failure)
Confirm with . or Enter, or press ? or * to list all spells.
You feel quick. The wolf closely misses you. x2
The wolf bites you.
* * * LOW HITPOINT WARNING * * *
The ice encasing you melts away. The rime drake breathes ice at you.
The icy flash freeze misses you. The wolf closely misses you.
Casting: Swiftness (safe; 1% risk of failure)
Confirm with . or Enter, or press ? or * to list all spells.
Aiming: Shock (safe; 1% risk of failure)
Press: ? - help, Shift-Dir - straight line, f/p - wolf
Aim: a wolf (almost dead, poisoned, 57% to hit)
The zap misses the wolf.
The wolf bites you but does no damage. The wolf closely misses you.
Okay, then.
Magic courses through your body. The wolf bites you but does no damage.
Casting: Shock (safe; 1% risk of failure)
Confirm with . or Enter, or press ? or * to list all spells.
Aiming: Airstrike (dangerous; 1% risk of failure)
Press: ? - help, Dir - move target, f/p - wolf
Aim: a wolf (almost dead, poisoned, empty space bonus: 6/8)
The air twists around and strikes the wolf!
You kill the wolf!
The rime drake breathes ice at you. The icy flash freeze hits you!!
You die...

#......†.†..###
#.............#
#P...........###
................### ~♣.
#..................# ♣P...
#.._...PP..........# ##....#
..................###.....#..
....#........(...##P.......S
#.#####...@..#.............
#..........†...........
##..........†..........
#........k.†...........
####......k....P.#.....
#...........$.......
###.............#...
###...##.........#
###.##..........


You could see 2 rime drakes.

Vanquished Creatures
  Amaemon (D:8)
  Joseph (D:7)
  A cane toad (Lair:1)
  An orange demon (D:8)
  A kobold demonologist (D:9)
  A komodo dragon (Lair:1)
  A rime drake (Lair:1)
  Grinder (D:3)
  3 blink frogs (Lair:1)
  7 yaks
  A wyvern (D:9)
  3 orc warriors
  Duvessa (D:7)
  An ice beast (D:7)
  A sky beast (D:7)
  5 centaurs (D:9)
  6 wolves (Lair:1)
  A phantom (D:4)
  2 kobold brigands
  7 bullfrogs
  2 scorpions (D:5)
  Dowan (D:7)
  17 wights
  A howler monkey (D:7)
  2 orc priests
  3 hounds
  A jelly (D:4)
  A gnoll bouda (D:7)
  Crazy Yiuf (D:7)
  Jessica (D:2)
  5 iguanas
  Terence (D:3)
  6 orc wizards
  Robin (D:2)
  12 gnolls
  9 adders
  A shadow imp (D:7)
  3 white imps
  An ufetubus (D:7)
  A worm (D:4)
  2 dart slugs
  27 orcs
  5 ball pythons
  8 endoplasms
  3 giant cockroaches
  18 goblins
  6 hobgoblins
  2 jackals (D:3)
  4 quokkas
  4 bats
  3 frilled lizards
  10 kobolds
  4 rats
212 creatures vanquished.

Notes
Turn   | Place    | Note
-------+----------+-------------------------------------------
     0 | D:1      | Graphine the Deep Elf Air Elementalist began the quest for
                  | the Orb.
     0 | D:1      | Reached XP level 1. HP: 10/10 MP: 6/6
   262 | D:1      | Reached XP level 2. HP: 15/15 MP: 5/8
   583 | D:1      | Reached skill level 1 in Necromancy
  1052 | D:2      | Reached XP level 3. HP: 20/20 MP: 4/9
  1079 | D:2      | Reached skill level 1 in Fighting
  1282 | D:2      | Noticed Robin
  1287 | D:2      | Reached XP level 4. HP: 23/25 MP: 7/11
  1299 | D:2      | Killed Robin
  1413 | D:2      | Noticed Jessica
  1419 | D:2      | Killed Jessica
  1946 | D:2      | Reached skill level 4 in Spellcasting
  1946 | D:2      | Reached XP level 5. HP: 29/29 MP: 9/13
  2304 | D:2      | Learned a level 2 spell: Static Discharge
  2308 | D:2      | Learned a level 3 spell: Swiftness
  2313 | D:2      | Learned a level 4 spell: Airstrike
  2446 | D:3      | Noticed Terence
  2463 | D:3      | Killed Terence
  3004 | D:3      | Found a faded altar of an unknown god.
  3280 | D:3      | Noticed Grinder
  3283 | D:3      | Paralysed by Grinder for 5 turns
  3307 | D:3      | Killed Grinder
  3308 | D:3      | Reached XP level 6. HP: 5/35 MP: 2/15
  3852 | D:4      | Found Erymalib's Magic Scroll Emporium.
  3902 | D:4      | Found a staircase to the Ecumenical Temple.
  3911 | Temple   | Entered the Ecumenical Temple
  3911 | Temple   | Found a transporter.
  3911 | Temple   | Found a transporter.
  3913 | Temple   | Found a transporter.
  3913 | Temple   | Found a transporter.
  4025 | D:4      | Reached XP level 7. HP: 16/40 MP: 3/16
  4175 | D:4      | Reached skill level 5 in Spellcasting
  4371 | D:4      | Found a blossoming altar of Fedhas.
  4378 | D:4      | Found a glowing golden altar of the Shining One.
  4399 | D:4      | Found a bloodstained altar of Trog.
  4723 | D:4      | Found a burning altar of Makhleb.
  4784 | D:5      | Entered Level 5 of the Dungeon
  5134 | D:5      | Reached skill level 5 in Dodging
  5195 | D:5      | Found a white marble altar of Elyvilon.
  5269 | D:5      | Found an iron altar of Okawaru.
  5727 | D:6      | Learned a level 2 spell: Poisonous Vapours
  5748 | D:6      | Found a broken altar of Ashenzari.
  5869 | D:6      | Reached XP level 8. HP: 45/45 MP: 18/18
  6055 | D:6      | Reached skill level 6 in Spellcasting
  6169 | D:6      | Found the +1 Delatra's gloves {ID++}
  6584 | D:7      | Noticed Joseph
  6593 | D:7      | Killed Joseph
  6594 | D:7      | Reached skill level 5 in Air Magic
  6748 | D:7      | Noticed Dowan
  6748 | D:7      | Noticed Duvessa
  6775 | D:7      | Killed Duvessa
  6776 | D:7      | Reached skill level 5 in Necromancy
  6794 | D:7      | Killed Dowan
  6912 | D:7      | Reached skill level 1 in Poison Magic
  7032 | D:7      | Reached skill level 7 in Spellcasting
  7032 | D:7      | Reached skill level 5 in Conjurations
  7159 | D:7      | Reached XP level 9. HP: 45/52 MP: 21/21
  7389 | D:7      | Found Ymoretet's Antique Armour Boutique.
  8028 | D:7      | Found a runed translucent door.
  8029 | D:7      | Noticed Crazy Yiuf
  8039 | D:7      | Killed Crazy Yiuf
  8170 | D:8      | Identified the +0 pair of gloves of the Furies {Dex+7}
  8175 | D:8      | Noticed Amaemon
  8189 | D:8      | Noticed an orange demon
  8200 | D:8      | Killed Amaemon
  8224 | D:8      | Killed an orange demon
  8225 | D:8      | Reached skill level 8 in Spellcasting
  8499 | D:8      | Found a hazy altar of Hepliaklqana.
  8909 | D:8      | Found a stormy altar of Qazlal.
  8934 | D:8      | Reached XP level 10. HP: 50/57 MP: 24/24
  9031 | D:8      | Reached skill level 5 in Fighting
  9255 | D:8      | Reached skill level 9 in Spellcasting
  9359 | D:8      | Found a shimmering blue altar of Sif Muna.
  9371 | D:8      | Learned a level 4 spell: Olgreb's Toxic Radiance
  9469 | D:9      | Found Olyotail's Distillery.
  9474 | D:9      | Bought a potion of degeneration for 15 gold pieces
  9868 | D:9      | Reached skill level 5 in Poison Magic
 11056 | D:9      | Found a staircase to the Lair.
 11359 | Lair:1   | Entered Level 1 of the Lair of Beasts
 11361 | Lair:1   | Noticed a cane toad
 11375 | Lair:1   | Found a glowing golden altar of the Shining One.
 11386 | Lair:1   | Reached skill level 10 in Spellcasting
 11401 | Lair:1   | Reached XP level 11. HP: 35/64 MP: 7/27
 11424 | Lair:1   | Killed from afar by a rime drake

Illustrated notes

Levels and vault maps discovered:
D:1:      roderic_chinese_lattice_arrival, layout_basic
D:2:      layout_basic, grunt_decor_fettered, uniq_jessica, uniq_robin
D:3:      layout_loops_ring, ebering_ecumenical_altar_hall,
          corexii_leaking_fountain, minmay_misc_feat_room, uniq_grinder,
          uniq_terence
D:4:      layout_basic, makhleb_blood_cavern_becter, bloody_trog,
          mainiacjoe_overflow_big_doors, minmay_temple_entry_hall, serial_shops,
          nicolae_shop_hallway_plus, nicolae_hexahallways
D:5:      layout_cave_pools, amcnicky_altar_gilded, elyvilon_altar_5
D:6:      layout_loops_ring, kennysheep_mini, pf_guarded_unrand_delatra
D:7:      layout_loops_corners, enter_bailey_2, serial_shops, shop,
          uniq_crazy_yiuf_cottage, uniq_duvessa, uniq_joseph
D:8:      layout_loops_ring, nicolae_sif_muna_little_library,
          mainiacjoe_overflow_tiny_flanked, nicolae_qazlal_eye_of_the_storm,
          uniq_amaemon
D:9:      layout_basic, lair_entry_dummy, serial_shops,
          nicolae_shop_just_a_little_nook, hangedman_corner_corridor
Temple:   hellmonk_temple_divided_pantheon
Lair:1:   layout_cave_shapes, basic_altar, serial_bayou_pond_a, st_stairs_13,
          grunt_megastairs_5

Skill      XL: |  1  2  3  4  5  6  7  8  9 10 |
---------------+-------------------------------+-----
Necromancy     | 1 2 3 4 5 |  5.0
Fighting       | 1 2 3 4 6 |  6.1
Dodging        | 3 4 5 6 7 9 |  9.4
Conjurations   | 2 3 4 5 |  5.0
Spellcasting   | 4 5 7 8 10 | 10.3
Air Magic      | 4 5 6 8 |  8.1
Poison Magic   | 1 4 6 |  6.0
Stealth        | |  2.4

Action                     |  1- 3 |  4- 6 |  7- 9 | 10-12 || total
---------------------------+-------+-------+-------+-------++-------
  Melee: Dagger            |       |    15 |     9 |       ||    24
   Cast: Shock             |    57 |   117 |   195 |    32 ||   401
         Swiftness         |       |     2 |     1 |     2 ||     5
         Static Discharge  |       |     1 |       |       ||     1
         Poisonous Vapours |       |       |    52 |    35 ||    87
         Airstrike         |       |       |    16 |    25 ||    41
         Olgreb's Toxic Ra |       |       |       |     9 ||     9
    Use: Scroll            |     1 |     5 |     4 |       ||    10
         Potion            |       |     2 |       |     4 ||     6
 Armour: Robe              |     1 |    13 |    10 |    13 ||    37
  Dodge: Dodged            |     3 |    37 |    59 |    52 ||   151
